TOP OF THE 1ST |
Reno Aces batting - Pitching for Las Vegas 51s : RHP Tony Castellanos
|
Pitching: RHP Tony Castellanos
|
|
Batting: LHB Willie Gutierrez
|
0-0: Swinging Strike 0-1: Ground out 4-3 (Groundball, 4M, EV 103.1 MPH)
|
Batting: RHB Jesus Galvan
|
0-0: Ball 1-0: Called Strike 1-1: Foul Ball, location: 2F 1-2: Ball 2-2: Strikes out swinging
|
Batting: RHB Enrique Juarez
|
0-0: Hit by Pitch
|
Batting: LHB Jeff Densmore
|
0-0: Ball 1-0: Ball 2-0: Called Strike 2-1: Foul Ball, location: 2F 2-2: Ball 3-2: Foul Ball, location: 2F 3-2: Strikes out swinging
|
Top of the 1st over - 0 runs, 0 hits, 0 errors, 1 left on base; Reno 0 - Las Vegas 0 |
BOTTOM OF THE 1ST |
Las Vegas 51s batting - Pitching for Reno Aces : RHP Takaaki Nakada
|
Pitching: RHP Takaaki Nakada
|
|
Batting: LHB Jamel Alexander
|
0-0: Foul Ball, location: 2F 0-1: Swinging Strike 0-2: Ball 1-2: Foul Ball, location: 2F 1-2: Ball 2-2: Strikes out swinging
|
Batting: SHB Jason Evans
|
0-0: Fly out, F7 (Flyball, 7S, EV 95.6 MPH)
|
Batting: SHB Justin Wallace
|
0-0: Called Strike 0-1: Ball 1-1: Ground out 6-3 (Groundball, 56, EV 95.6 MPH)
|
Bottom of the 1st over - 0 runs, 0 hits, 0 errors, 0 left on base; Reno 0 - Las Vegas 0 |
TOP OF THE 2ND |
Reno Aces batting - Pitching for Las Vegas 51s : RHP Tony Castellanos
|
Batting: LHB Ian Jarvis
|
0-0: Called Strike 0-1: Ball 1-1: SINGLE (Line Drive, 34, EV 111.2 MPH)
|
Batting: RHB Josh Burrows
|
0-0: SINGLE (Flyball, 5D, EV 86.2 MPH) Ian Jarvis to second
|
Batting: LHB Rich Butler
|
0-0: Ball 1-0: Called Strike 1-1: Called Strike 1-2: Foul Ball, location: 2F 1-2: Ball 2-2: DOUBLE (Line Drive, 78XD, EV 105.0 MPH) Ian Jarvis scores Josh Burrows to third
|
Batting: LHB Soo-yeon Kym
|
0-0: Ball 1-0: Called Strike 1-1: Ball 2-1: Called Strike 2-2: Strikes out swinging
|
Batting: RHB Jose Sisneros
|
0-0: Fly out, F5 (Popup, 25, EV 93.8 MPH)
|
Batting: LHB Willie Gutierrez
|
0-0: Swinging Strike 0-1: Ball 1-1: Swinging Strike 1-2: SINGLE (Groundball, 56, EV 102.5 MPH) Josh Burrows scores Rich Butler to third Runner from 3rd tries for Home, SAFE, throw by LF to home
|
Batting: RHB Jesus Galvan
|
0-0: Called Strike Willie Gutierrez steals 2nd base (no throw) 0-1: Called Strike 0-2: Foul Ball, location: 2F 0-2: Ball 1-2: Strikes out swinging
|
Top of the 2nd over - 3 runs, 4 hits, 0 errors, 1 left on base; Reno 3 - Las Vegas 0 |
BOTTOM OF THE 2ND |
Las Vegas 51s batting - Pitching for Reno Aces : RHP Takaaki Nakada
|
Batting: LHB Bill Armijo
|
0-0: Ground out 6-3 (Groundball, P, EV 89.4 MPH)
|
Batting: RHB Andy Carrell
|
0-0: Foul Ball, location: 2F 0-1: Ball 1-1: Ball 2-1: Ball 3-1: Called Strike 3-2: DOUBLE (Flyball, 89XD, EV 106.9 MPH)
|
Batting: SHB Masatoshi Akahoshi
|
0-0: Called Strike 0-1: Ball 1-1: Ball 2-1: Called Strike 2-2: Strikes out swinging
|
Batting: RHB Jayden Copeland
|
0-0: Called Strike 0-1: Ground out 5-3 (Groundball, 56S, EV 85.6 MPH)
|
Bottom of the 2nd over - 0 runs, 1 hit, 0 errors, 1 left on base; Reno 3 - Las Vegas 0 |
TOP OF THE 3RD |
Reno Aces batting - Pitching for Las Vegas 51s : RHP Tony Castellanos
|
Batting: RHB Enrique Juarez
|
0-0: Ball 1-0: Ball 2-0: Fly out, F8 (Flyball, 8LD, EV 98.8 MPH)
|
Batting: LHB Jeff Densmore
|
0-0: Ball 1-0: Ball 2-0: Ball 3-0: Base on Balls
|
Batting: LHB Ian Jarvis
|
0-0: Ball Jeff Densmore is caught stealing 2nd base 2-6 1-0: Ball 2-0: Ball 3-0: Called Strike 3-1: Fly out, F7 (Flyball, 7D, EV 98.8 MPH)
|
Top of the 3rd over - 0 runs, 0 hits, 0 errors, 0 left on base; Reno 3 - Las Vegas 0 |
BOTTOM OF THE 3RD |
Las Vegas 51s batting - Pitching for Reno Aces : RHP Takaaki Nakada
|
Batting: RHB Mike Phillips
|
0-0: Ball 1-0: Ground out U3 (Groundball, 3, EV 90.0 MPH)
|
Batting: RHB Koen van Oort
|
0-0: Ball 1-0: Ball 2-0: Ball 3-0: Called Strike 3-1: Foul Ball, location: 2F 3-2: Foul Ball, location: 2F 3-2: Foul Ball, location: 2F 3-2: Ground out 5-3 (Groundball, 5, EV 86.2 MPH)
|
Batting: LHB Jamel Alexander
|
0-0: Ball 1-0: DOUBLE (Groundball, 3L, EV 102.5 MPH)
|
Batting: SHB Jason Evans
|
0-0: Ball 1-0: Called Strike 1-1: Ball 2-1: Foul Ball, location: 2F 2-2: DOUBLE (Line Drive, 78D, EV 111.9 MPH) Jamel Alexander scores
|
Batting: SHB Justin Wallace
|
0-0: Foul Ball, location: 2F 0-1: Foul Ball, location: 2F 0-2: Ball 1-2: Foul Ball, location: 2F 1-2: Foul Ball, location: 2F 1-2: Strikes out swinging
|
Bottom of the 3rd over - 1 run, 2 hits, 0 errors, 1 left on base; Reno 3 - Las Vegas 1 |
TOP OF THE 4TH |
Reno Aces batting - Pitching for Las Vegas 51s : RHP Tony Castellanos
|
Batting: RHB Josh Burrows
|
0-0: Fly out, F9 (Line Drive, 89M, EV 108.1 MPH)
|
Batting: LHB Rich Butler
|
0-0: Fly out, F8 (Flyball, 78D, EV 100.6 MPH)
|
Batting: LHB Soo-yeon Kym
|
0-0: Swinging Strike 0-1: Ball 1-1: Foul Ball, location: 2F 1-2: Strikes out looking
|
Top of the 4th over - 0 runs, 0 hits, 0 errors, 0 left on base; Reno 3 - Las Vegas 1 |
TOP OF THE 5TH |
Reno Aces batting - Pitching for Las Vegas 51s : RHP Tony Castellanos
|
Batting: RHB Jose Sisneros
|
0-0: Called Strike 0-1: Fly out, F3 (Line Drive, 3L, EV 64.4 MPH)
|
Batting: LHB Willie Gutierrez
|
0-0: Ground out 6-3 (Groundball, 6, EV 93.8 MPH)
|
Batting: RHB Jesus Galvan
|
0-0: Ball 1-0: Ground out 5-3 (Groundball, 56, EV 85.6 MPH)
|
Top of the 5th over - 0 runs, 0 hits, 0 errors, 0 left on base; Reno 3 - Las Vegas 2 |
BOTTOM OF THE 5TH |
Las Vegas 51s batting - Pitching for Reno Aces : RHP Takaaki Nakada
|
Batting: LHB Jamel Alexander
|
0-0: Ball 1-0: Ground out U3 (Groundball, 3, EV 98.8 MPH)
|
Batting: SHB Jason Evans
|
0-0: Fly out, F8 (Flyball, 8LM, EV 96.9 MPH)
|
Batting: SHB Justin Wallace
|
0-0: Called Strike 0-1: Ball 1-1: Ball 2-1: Swinging Strike 2-2: SINGLE (Groundball, 34D, EV 104.4 MPH)
|
Batting: LHB Bill Armijo
|
0-0: Fly out, F8 (Flyball, 8LD, EV 103.1 MPH)
|
Bottom of the 5th over - 0 runs, 1 hit, 0 errors, 1 left on base; Reno 3 - Las Vegas 2 |
TOP OF THE 6TH |
Reno Aces batting - Pitching for Las Vegas 51s : RHP Tony Castellanos
|
Batting: RHB Enrique Juarez
|
0-0: Called Strike 0-1: Ball 1-1: Ball 2-1: Foul Ball, location: 2F 2-2: Ball 3-2: Strikes out swinging
|
Batting: LHB Jeff Densmore
|
0-0: Foul Ball, location: 2F 0-1: Ball 1-1: Ball 2-1: Ball 3-1: Foul Ball, location: 2F 3-2: Base on Balls
|
Batting: LHB Ian Jarvis
|
0-0: Called Strike 0-1: Foul Ball, location: 2F 0-2: Strikes out swinging
|
Batting: RHB Josh Burrows
|
0-0: Ball 1-0: Foul Ball, location: 2F 1-1: Called Strike 1-2: Ball 2-2: Foul Ball, location: 2F 2-2: Foul Ball, location: 2F 2-2: Strikes out swinging
|
Top of the 6th over - 0 runs, 0 hits, 0 errors, 1 left on base; Reno 3 - Las Vegas 2 |
BOTTOM OF THE 6TH |
Las Vegas 51s batting - Pitching for Reno Aces : RHP Takaaki Nakada
|
Batting: RHB Andy Carrell
|
0-0: SINGLE (Groundball, 4MD, EV 78.8 MPH) (infield hit)
|
Batting: SHB Masatoshi Akahoshi
|
0-0: Foul Ball, location: 2F 0-1: Ball 1-1: Ball 2-1: Foul Ball, location: 2F 2-2: Foul Ball, location: 2F 2-2: Ball 3-2: DOUBLE (Flyball, 78XD, EV 108.8 MPH) Andy Carrell to third
|
Batting: RHB Jayden Copeland
|
0-0: Ball 1-0: Called Strike 1-1: Ground out 6-3 (Groundball, 6, EV 78.8 MPH)
|
Batting: RHB Mike Phillips
|
0-0: Swinging Strike 0-1: Ground out 4-3 (Groundball, 4, EV 88.1 MPH)
|
Batting: RHB Koen van Oort
|
0-0: Ball 1-0: Ball 2-0: Ball 3-0: Base on Balls
|
Pitching: RHP Jose Fernandez
|
|
Batting: LHB Jamel Alexander
|
0-0: Ground out U3 (Groundball, 13, EV 83.8 MPH)
|
Bottom of the 6th over - 0 runs, 2 hits, 0 errors, 3 left on base; Reno 3 - Las Vegas 2 |
TOP OF THE 7TH |
Reno Aces batting - Pitching for Las Vegas 51s : RHP Tony Castellanos
|
Batting: LHB Rich Butler
|
0-0: Foul Ball, location: 2F 0-1: Swinging Strike 0-2: Ball 1-2: Fly out, F9 (Line Drive, 9, EV 95.0 MPH)
|
Pitching: RHP Jason Vulich
|
|
Batting: LHB Soo-yeon Kym
|
0-0: Called Strike 0-1: Ball 1-1: Foul Ball, location: 2F 1-2: SINGLE (Groundball, 4MD, EV 105.0 MPH)
|
Batting: RHB Jose Sisneros
|
0-0: Ball 1-0: Called Strike 1-1: Ball 2-1: Swinging Strike 2-2: Strikes out swinging
|
Batting: LHB Willie Gutierrez
|
0-0: Foul Ball, location: 2F 0-1: Ball 1-1: SINGLE (Line Drive, 56D, EV 98.1 MPH) Soo-yeon Kym to second
|
Pinch Runner at 2nd Justin Aslinger:
|
|
Batting: RHB Jesus Galvan
|
0-0: Ball 1-0: Called Strike 1-1: Ball 2-1: SINGLE (Line Drive, 7S, EV 110.6 MPH) Justin Aslinger to third Willie Gutierrez to second Runner from 3rd tries for Home, throw by LF and OUT! 7-2
|
Top of the 7th over - 0 runs, 3 hits, 0 errors, 2 left on base; Reno 3 - Las Vegas 2 |
BOTTOM OF THE 7TH |
Las Vegas 51s batting - Pitching for Reno Aces : RHP Jose Fernandez
|
Now at 2B: Josh Burrows
|
|
Now at 3B: Justin Aslinger
|
|
Batting: SHB Jason Evans
|
0-0: Swinging Strike 0-1: Foul Ball, location: 2F 0-2: Ball 1-2: Strikes out swinging
|
Batting: SHB Justin Wallace
|
0-0: Ball 1-0: Fly out, F8 (Flyball, 8LM, EV 96.9 MPH)
|
Batting: LHB Bill Armijo
|
0-0: Ball 1-0: Ball 2-0: Foul Ball, location: 2F 2-1: SINGLE (Line Drive, 9LS, EV 90.6 MPH)
|
Batting: RHB Andy Carrell
|
0-0: Called Strike 0-1: Foul Ball, location: 2F 0-2: Ball Bill Armijo is caught stealing 2nd base 2-4
|
Bottom of the 7th over - 0 runs, 1 hit, 0 errors, 0 left on base; Reno 3 - Las Vegas 2 |
TOP OF THE 8TH |
Reno Aces batting - Pitching for Las Vegas 51s : RHP Jason Vulich
|
Pinch Hitting: LHB Tommy King
|
0-0: Foul Ball, location: 2F 0-1: Ground out 6-3 (Groundball, 6, EV 103.8 MPH)
|
Batting: LHB Jeff Densmore
|
0-0: Ball 1-0: Swinging Strike 1-1: Ball 2-1: Ball 3-1: Base on Balls
|
Batting: LHB Ian Jarvis
|
0-0: Called Strike Jeff Densmore is caught stealing 2nd base 2-6 0-1: Foul Ball, location: 2F 0-2: Ball 1-2: Ball 2-2: Ball 3-2: Base on Balls
|
Batting: RHB Josh Burrows
|
0-0: Called Strike 0-1: 2-RUN HOME RUN (Flyball, 89XD, EV 111.9 MPH), Distance : 417 ft
|
Batting: LHB Rich Butler
|
0-0: Ball 1-0: Ball 2-0: Ball 3-0: Base on Balls
|
Batting: RHB Justin Aslinger
|
0-0: Ball 1-0: Ball 2-0: Foul Ball, location: 2F 2-1: Ball 3-1: Foul Ball, location: 2F 3-2: Strikes out swinging
|
Top of the 8th over - 2 runs, 1 hit, 0 errors, 1 left on base; Reno 5 - Las Vegas 2 |
BOTTOM OF THE 8TH |
Las Vegas 51s batting - Pitching for Reno Aces : RHP Jose Fernandez
|
Pitching: RHP Gerardo Camacho
|
|
Now in LF: Yutaka Oki
|
|
Batting: RHB Andy Carrell
|
0-0: Called Strike 0-1: Swinging Strike 0-2: Ball 1-2: Ball 2-2: Foul Ball, location: 2F 2-2: Hit by Pitch
|
Batting: SHB Masatoshi Akahoshi
|
0-0: Called Strike 0-1: Ball 1-1: Swinging Strike 1-2: Strikes out looking
|
Batting: RHB Jayden Copeland
|
0-0: Ball 1-0: Foul Ball, location: 2F 1-1: Called Strike 1-2: Foul Ball, location: 2F 1-2: Foul Ball, location: 2F 1-2: Ball 2-2: Ball 3-2: Foul Ball, location: 2F 3-2: Strikes out swinging
|
Batting: RHB Mike Phillips
|
0-0: Fly out, F3 (Line Drive, 3, EV 70.6 MPH)
|
Bottom of the 8th over - 0 runs, 0 hits, 0 errors, 1 left on base; Reno 5 - Las Vegas 2 |
TOP OF THE 9TH |
Reno Aces batting - Pitching for Las Vegas 51s : RHP Jason Vulich
|
Pitching: RHP Amare Golden
|
|
Pinch Hitting: LHB Bobby Arevalo
|
0-0: Ground out 5-3 (Groundball, 5, EV 91.2 MPH)
|
Batting: LHB Willie Gutierrez
|
0-0: SINGLE (Groundball, 4D, EV 96.9 MPH)
|
Batting: RHB Jesus Galvan
|
0-0: Called Strike 0-1: Foul Ball, location: 2F 0-2: Ball 1-2: Fly out, F8 (Flyball, 8LM, EV 95.0 MPH)
|
Batting: RHB Yutaka Oki
|
0-0: Swinging Strike 0-1: Swinging Strike 0-2: Ball 1-2: Foul Ball, location: 2F 1-2: Strikes out swinging
|
Top of the 9th over - 0 runs, 1 hit, 0 errors, 1 left on base; Reno 5 - Las Vegas 2 |
BOTTOM OF THE 9TH |
Las Vegas 51s batting - Pitching for Reno Aces : RHP Gerardo Camacho
|
Pitching: RHP Jeff Whaley
|
|
Now at SS: Dustin Clark
|
|
Batting: RHB Koen van Oort
|
0-0: Ball 1-0: Ball 2-0: Called Strike 2-1: TRIPLE (Flyball, 89XD, EV 101.9 MPH)
|
Batting: LHB Jamel Alexander
|
0-0: Ground out 5-3 (Groundball, 56, EV 82.5 MPH) Koen van Oort scores
|
Batting: SHB Jason Evans
|
0-0: Ball 1-0: Called Strike 1-1: Called Strike 1-2: Strikes out swinging
|
Batting: SHB Justin Wallace
|
0-0: Ball 1-0: Fly out, F7 (Flyball, 7S, EV 80.6 MPH)
|
Bottom of the 9th over - 1 run, 1 hit, 0 errors, 0 left on base; Reno 5 - Las Vegas 3 |
|